 Dungeon Crawl Stone Soup version 0.29.1-12-g30fa7ad0bf (webtiles) character file.

Game seed: 2620699285888742703

14 Nonny the Sneak (level 2, -1/15 HPs)
             Began as a Vine Stalker Brigand on Jan 8, 2023.
             Slain by a goblin
             ... wielding a +0 club
              (3 damage)
             ... on level 1 of the Dungeon.
             The game lasted 00:02:45 (302 turns).

Nonny the Sneak (Vine Stalker Brigand)               Turns: 302, Time: 00:02:46

Health: -1/15      AC:  3    Str: 13    XL:     2   Next: 45%
Magic:  0/3        EV: 11    Int: 11    God:
Gold:   41         SH:  3    Dex: 15    Spells: 1/1 levels left

rFire   . . .      SeeInvis .   a - +2 dagger
rCold   . . .      Faith    .   h - +0 buckler
rNeg    . . .      Spirit   +   b - +0 robe
rPois   .          Reflect  .   (no helmet)
rElec   .          Harm     .   c - +0 cloak
rCorr   .          Rampage  .   (no gloves)
Will    .....                   (no boots)
Stlth   +++.......              (no amulet)
HPRegen 0.05/turn               (no ring)
MPRegen 0.08/turn               (no ring)

@: no status effects
A: fangs 2, magic shield, antimagic bite, no potion heal 2
a: no special abilities


You were on level 1 of the Dungeon.
You visited 1 branch of the dungeon, and saw 1 of its levels.

You collected 41 gold pieces.

Inventory:

Hand Weapons
 a - a +2 dagger (weapon)
Missiles
 d - 9 poisoned darts (quivered)
 e - 3 curare-tipped darts
Armour
 b - a +0 robe (worn)
 c - a +0 cloak (worn)
 h - a +0 buckler (worn)
Scrolls
 f - a scroll of torment {unknown}
 g - a scroll of summoning {unknown}
 i - a scroll of fog {unknown}


   Skills:
 + Level 1.8 Fighting
 + Level 2.0 Short Blades
 - Level 2.0 Throwing
 - Level 0.7 Dodging
 + Level 5.4 Stealth


You had one spell level left.
You didn't know any spells.
Your spell library was empty.

Dungeon Overview and Level Annotations

Branches:
Dungeon (1/15)

Altars:


Innate Abilities, Weirdness & Mutations

You have extremely sharp teeth.
When hurt, damage is shared between your health and your magic reserves.
Your bite disrupts and absorbs the magic of your enemies.
Potions cannot restore your health.


Message History

You see here a +0 robe.
You hit the giant cockroach.
The giant cockroach is moderately wounded.
The giant cockroach bites you but does no damage.
You barely miss the giant cockroach.
You bite the giant cockroach, but do no damage.
The giant cockroach is moderately wounded.
The giant cockroach misses you.
You hit the giant cockroach but do no damage.
You bite the giant cockroach. You drain its power.
You feel invigorated.
The giant cockroach is severely wounded.
The giant cockroach bites you.
* * * LOW HITPOINT WARNING * * *
You hit the giant cockroach.
You kill the giant cockroach!
You barely miss the goblin.
The goblin is moderately wounded.
The goblin barely misses you.
You closely miss the goblin.
The goblin is moderately wounded.
You block the goblin's attack.
You hit the goblin.
You kill the goblin!
The goblin attacks as you move away! The goblin hits you but does no damage.
Press: ? - help, v - describe, . - travel
Here: a goblin, wielding a +0 club The floor.
The goblin attacks as you move away! The goblin barely misses you.
The goblin attacks as you move away! The goblin misses you.
Things that are here:
a +0 dagger; a +0 robe The goblin attacks as you move away!
The goblin barely misses you. The goblin attacks as you move away!
The goblin barely misses you. The goblin attacks as you move away!
You block the goblin's attack.
Things that are here:
a +0 dagger; a +0 robe The goblin attacks as you move away!
The goblin hits you with a +0 club.
* * * LOW HITPOINT WARNING * * *
The goblin attacks as you move away! The goblin hits you with a +0 club.
You die...

#.....######.....#######
.
#.....######.....#.....#
..
....####..####.........#
..
..####......####.......#
####..........####.....#
.....
†................).....#
.....
...#.......'....##.....#
###.....
...#.......####g##.....#
#....... .#.#r########
#.@#.....# #.......
.#...r......# ##.......#
#....... (#......r...#
###..#### #.......
.#..........#
##..#####.......
.#..........#
##)............
............#
#######...........#
##..........#
#.................#
#?.........#
#.................#
#.S.....[..#
#.......##...######


You could see a goblin.

Vanquished Creatures
  2 ball pythons (D:1)
  3 endoplasms (D:1)
  A giant cockroach (D:1)
  2 goblins (D:1)
  A hobgoblin (D:1)
  A bat (D:1)
  A frilled lizard (D:1)
  3 rats (D:1)
14 creatures vanquished.

Notes
Turn   | Place    | Note
-------+----------+-------------------------------------------
     0 | D:1      | Nonny the Vine Stalker Brigand began the quest for the Orb.
     0 | D:1      | Reached XP level 1. HP: 11/11 MP: 2/2
    73 | D:1      | Starting vault: 3x3 square chambers, exits top left and
                  | bottom right
   168 | D:1      | Reached skill level 5 in Stealth
   197 | D:1      | Reached XP level 2. HP: 10/15 MP: 3/3
   302 | D:1      | Slain by a goblin

Illustrated notes

# .. ... ### .... #..
.....##.#
........#############
#.@#...#...#...#
##.+...#.......#
###...#...#...#
##.###.###.## #.# #.#
#.# ##.###.###.##
#...#...#...#
#...#...#...#
#...#...#...#


Turn 73 on D:1: Starting vault: 3x3 square chambers, exits top left and bottom
right

Levels and vault maps discovered:
D:1:      minmay_arrival_nine_rooms, layout_basic,
          ebering_ecumenical_altar_ruins, minmay_misc_feat_x

Skill      XL: |  1  2 |
---------------+-------+-----
Stealth        | 5 |  5.4
Short Blades   | 2 |  2.0
Throwing       | 2 |  2.0
Fighting       | |  1.8
Dodging        | |  0.7

Action                   || total
-------------------------++-------
Melee: Dagger            ||    37
       Bite              ||     6
 Stab: Sleeping          ||     1
Armor: Robe              ||    15
Dodge: Dodged            ||    28
Block: Buckler           ||     3
